 Dungeon Crawl Stone Soup version 0.14-a0-1844-g8283a67 (webtiles) character file.

840 4tharraofdagon the Twirler (level 7, -1/48 HPs)
             Began as a Formicid Gladiator on Jan 11, 2014.
             Was an Initiate of Okawaru.
             Slain by a centaur skeleton (4 damage)
             ... on Level 5 of the Dungeon.
             The game lasted 00:08:23 (2296 turns).

4tharraofdagon the Twirler (Formicid Gladiator)     Turns: 2296, Time: 00:08:23

HP  -1/48        AC 14     Str 22      XL: 7   Next: 91%
MP  10/10        EV  9     Int  7      God: Okawaru [......]
Gold 273         SH  8     Dex  9 (11) Spells:  0 memorised,  9 levels left

rFire  . . .     SeeInvis +     a - +0 quarterstaff
rCold  . . .     Clarity  .     E - +2 elf chain mail
rNeg   . . .     Conserve .     x - +0 elf buckler
rPois  x         rCorr    .     (helmet unavailable)
rElec  .         rRot     .     (no cloak)
SustAb . .       Spirit   .     c - +0 pair of gloves
rMut   .         Warding  .     y - +0 pair of boots
Saprov . . .     Stasis   +     (no amulet)
                                (no ring)
                                u - +2 ring of evasion

@: extremely poisoned, slightly resistant to hostile enchantments, extremely
unstealthy
A: permanent stasis, dig shafts and tunnels, four strong arms, poison weakness,
antennae 3, exoskeleton 1
a: Dig, Shaft Self, Renounce Religion


You were on level 5 of the Dungeon.
You worshipped Okawaru.
Okawaru was noncommittal.
You were not hungry.

You visited 1 branch of the dungeon, and saw 5 of its levels.

You collected 273 gold pieces.

Inventory:

Hand weapons
 a - a +0,+0 quarterstaff (weapon)
Missiles
 w - 17 darts (quivered)
 A - a throwing net [frayed]
Armour
 b - a +0 leather armour
 c - a +0 pair of gloves (worn)
 e - a +1 chain mail
 i - a +0 chain mail
 x - a +0 elven buckler (worn)
 y - a +0 pair of boots (worn)
 E - a +2 elven chain mail (worn)
Comestibles
 d - an apple
 f - 2 bread rations
 l - 2 meat rations
 n - a royal jelly
 r - 7 strawberries
Scrolls
 g - 2 scrolls of teleportation
 j - a scroll of fear {unknown}
 m - a scroll of remove curse
 o - a scroll of curse armour {unknown}
 p - a scroll of fog {unknown}
 s - a scroll of noise {unknown}
 t - a scroll of curse weapon {unknown}
 z - a scroll of identify {unknown}
 C - a scroll of curse jewellery {unknown}
 D - a scroll of recharging {unknown}
Jewellery
 h - an uncursed amulet of resist corrosion {unknown}
 u - a +2 ring of evasion (left hand)
 v - an uncursed amulet of the gourmand {unknown}
Potions
 k - 2 potions of heal wounds
Books
 B - a book of Party Tricks

   Spells                             Type                      Level
   Summon Butterflies                 Summoning                    1
   Apportation                        Translocation                1
   Blink                              Translocation                2
   Alistair's Intoxication            Transmutation/Poison         4
   Tukima's Dance                     Hexes                        5


   Skills:
 + Level 4.0 Fighting
 * Level 5.2 Staves
 - Level 1.5 Throwing
 + Level 3.8 Armour
 - Level 3.0 Dodging
 + Level 2.4 Shields
 + Level 1.7 Spellcasting


You had 9 spell levels left.
You didn't know any spells.

Dungeon Overview and Level Annotations

Branches:
Dungeon (5/16)
 Temple: D:4-7

Altars:
Okawaru
Trog


Innate Abilities, Weirdness & Mutations

Your are under a permanent stasis effect.
You can dig through walls and to a lower floor.
Your four strong arms can wield any weapon, most with a shield.
You are susceptible to poison.
You have a pair of large antennae on your head (SInv).
Your body is surrounded by an exoskeleton. (HP +5, AC +1)


Message History

* * * LOW HITPOINT WARNING * * *
You feel extremely sick.
Unknown command.
Drink which item? (? for menu, Esc to quit)
You feel much better.
You feel extremely sick.
Drink which item? (? for menu, Esc to quit)
There was something very wrong with that liquid!
You feel clumsy.
It was a potion of degeneration.
You feel extremely sick.
You feel very sick.
You hit the centaur skeleton.
You feel very sick.
The centaur skeleton hits you but does no damage.
You sock the centaur skeleton!
* * * LOW HITPOINT WARNING * * *
You feel extremely sick. The centaur skeleton hits you.
You die...

## # { ## ###
### #. #.. ..#
#. # #.# #.#
#.
....##.#####
#.# #.# #.
#......)Z..#
#.# #.# ##.
#.#######@.#
#.####.###..
#..#
#...%.......
#..#
#.####.###.. #
#..# #.# #.#
##.
.....#..####.#
#.# ##
#.........#
#.# #
####.#.##.#
... # #.#.##.#
... . ..#.##.#
... #


You could see a centaur skeleton.

Vanquished Creatures
  An ogre (D:5)
  2 centaurs (D:5)
  A crimson imp (D:5)
  A black bear skeleton (D:4)
  2 worker ants
  2 scorpions (D:5)
  Ijyb (D:5)
  An ogre zombie (D:5)
  A hound skeleton (D:4)
  2 adders
  4 worms
  4 giant geckos
  6 orcs
  A bat skeleton (D:4)
  A giant cockroach (D:1)
  14 hobgoblins
  3 jackals (D:1)
  6 kobolds
  2 quokkas
  2 ball pythons
  4 bats
  5 giant newts
  9 goblins
  6 rats
  2 rat skeletons
83 creatures vanquished.

Vanquished Creatures (others)
  A goblin (D:1)
1 creature vanquished.

Grand Total: 84 creatures vanquished

Notes
Turn   | Place    | Note
--------------------------------------------------------------
     0 | D:1      | 4tharraofdagon, the Formicid Gladiator, began the quest for the Orb.
     0 | D:1      | Reached XP level 1. HP: 17/17 MP: 1/1
   164 | D:1      | Reached XP level 2. HP: 20/22 MP: 2/2
   327 | D:1      | Reached XP level 3. HP: 21/26 MP: 3/3
   698 | D:3      | Reached skill level 1 in Armour
   698 | D:3      | Reached XP level 4. HP: 29/32 MP: 4/4
  1072 | D:2      | You fall through a shaft!
  1375 | D:4      | Reached XP level 5. HP: 32/37 MP: 5/5
  1448 | D:4      | Reached skill level 1 in Shields
  1465 | D:4      | Reached skill level 4 in Staves
  1481 | D:4      | HP: 1/37 [poisoned by an adder]
  1560 | D:4      | Reached XP level 6. HP: 42/42 MP: 6/6
  1670 | D:5      | Entered Level 5 of the Dungeon
  1720 | D:5      | Noticed an ogre
  1730 | D:5      | Killed an ogre
  1756 | D:5      | Reached skill level 1 in Spellcasting
  1756 | D:5      | Reached XP level 7. HP: 27/46 MP: 6/9
  1892 | D:5      | Reached skill level 5 in Staves
  1975 | D:5      | Found an iron altar of Okawaru.
  1975 | D:5      | Found a bloodstained altar of Trog.
  2072 | D:5      | Became a worshipper of Warmaster Okawaru
  2282 | D:5      | Noticed Ijyb
  2291 | D:5      | Killed Ijyb
  2296 | D:5      | Slain by a centaur skeleton

Action                   |  1- 3 |  4- 6 |  7- 9 || total
-------------------------+-------+-------+-------++-------
Melee: Quarterstaff      |    77 |   125 |   106 ||   308
Throw: Throwing net      |     1 |     5 |       ||     6
  Use: Scroll            |       |     2 |       ||     2
       Potion            |       |     9 |     4 ||    13
 Stab: Invisible         |       |     4 |       ||     4
       Held in net/web   |       |     2 |       ||     2
